 Dungeon Crawl Stone Soup version 0.30-a0-778-g2ef04afb54 (webtiles) character file.

Game seed: 8233439239126447980

154 BigDaddyOpFi the Trooper (level 5, -4/47 HPs)
             Began as a Hill Orc Fighter on Feb 15, 2023.
             Slain by an ogre
             ... wielding a +0 giant club
              (6 damage)
             ... on level 4 of the Dungeon.
             The game lasted 00:02:35 (2448 turns).

BigDaddyOpFi the Trooper (Hill Orc Fighter)         Turns: 2448, Time: 00:02:36

Health: -4/47      AC: 12    Str: 21    XL:     5   Next: 35%
Magic:  0/5        EV:  7    Int:  8    God:
Gold:   938        SH:  4    Dex: 10    Spells: 4/4 levels left

rFire   x . .      SeeInvis .    a - +0 war axe
rCold   + . .      Faith    .    c - +0 buckler
rNeg    . . .      Spirit   +    g - +1 chain mail
rPois   +          Reflect  .    h - +0 helmet
rElec   .          Harm     .    (no cloak)
rCorr   .          Rampage  .    m - +0 pair of gloves
Will    .....                    (no boots) Stlth
                                 e - amulet of guardian spirit
HPRegen 0.27/turn                f - ring of ice
MPRegen 0.09/turn                i - ring of poison resistance

@: hasted, very quick
A: no striking features
a: no special abilities


You were on level 4 of the Dungeon.
You visited 1 branch of the dungeon, and saw 4 of its levels.

You collected 938 gold pieces.

Inventory:

Hand Weapons
 a - a +0 war axe (weapon)
Armour
 c - a +0 buckler (worn)
 g - a +1 chain mail (worn)
 h - a +0 helmet (worn)
 m - a +0 pair of gloves (worn)
Jewellery
 e - an amulet of guardian spirit (around neck)
 f - a ring of ice (left hand)
 i - a ring of poison resistance (right hand)
Scrolls
 n - 2 scrolls of blinking
Potions
 d - a potion of might
 k - a potion of degeneration {unknown}
 l - a potion of flight {unknown}


   Skills:
 + Level 4.6 Fighting
 + Level 4.2 Axes
 + Level 4.3 Armour
 + Level 4.3 Shields


You had 4 spell levels left.
You didn't know any spells.
Your spell library was empty.

Dungeon Overview and Level Annotations

Branches:
Dungeon (4/15)             Temple (0/1) D:4

Altars:
Cheibriados
Vehumet


Message History

No target in view!
No target in view!
No target in view!
No target in view!
No target in view!
No target in view!
Magic restored.
You now have 938 gold pieces (gained 13).
Found a stone staircase leading up.
Key pressed, stopping explore.
No target in view!
There is a stone staircase leading up here.
Found a radiant altar of Vehumet.
No target in view!
No target in view!
Found a snail-covered altar of Cheibriados.
No target in view!
No target in view!
j - a purple potion No target in view!
An ogre comes into view. It is wielding a +0 giant club.
The ogre shouts!
An ogre is nearby!
The ogre barely misses you.
An ogre is nearby!
You barely miss the ogre.
The ogre hits you with a +0 giant club!!
You hit the ogre.
The ogre is lightly wounded.
The ogre hits you with a +0 giant club!!
Ouch! That really hurt!
* * * LOW HITPOINT WARNING * * *
It was a potion of curing.
You feel better.
You slash the ogre!
The ogre is severely wounded.
The ogre hits you with a +0 giant club!
* * * LOW HITPOINT WARNING * * *
It was a potion of haste.
You feel yourself speed up. The ogre hits you with a +0 giant club.
You die...

### ..#
#.# ##.##
#?.. #.O#
#.@###
#....#
#.##.# #
#.##.##.#
#.......#
####.####
#.#
######.#
#......#


You could see an ogre.

Vanquished Creatures
  An orc wizard (D:3)
  3 gnolls (D:2)
  3 adders
  3 worms
  5 dart slugs
  7 orcs
  2 bats
  7 endoplasms
  A goblin (D:3)
  5 hobgoblins
  4 jackals (D:3)
  3 ball pythons (D:2)
  A kobold (D:1)
  5 rats
50 creatures vanquished.

Notes
Turn   | Place    | Note
-------+----------+-------------------------------------------
     0 | D:1      | BigDaddyOpFi the Hill Orc Fighter began the quest for the
                  | Orb.
     0 | D:1      | Reached XP level 1. HP: 19/19 MP: 1/1
   109 | D:1      | Reached XP level 2. HP: 21/27 MP: 2/2
   620 | D:2      | Reached XP level 3. HP: 33/33 MP: 3/3
   706 | D:2      | Found a faded altar of an unknown god.
   905 | D:2      | Identified a scroll of acquirement
   905 | D:2      | Acquired 736 gold pieces
  1518 | D:2      | Reached XP level 4. HP: 40/40 MP: 4/4
  1725 | D:3      | Reached XP level 5. HP: 43/47 MP: 5/5
  2382 | D:4      | Found a staircase to the Ecumenical Temple.
  2413 | D:4      | Found a radiant altar of Vehumet.
  2414 | D:4      | Found a snail-covered altar of Cheibriados.
  2442 | D:4      | Noticed an ogre
  2447 | D:4      | HP: 1/47 [ogre/+0 giant club (10)]
  2448 | D:4      | Slain by an ogre

Illustrated notes

Levels and vault maps discovered:
D:1:      minmay_arrival_up_and_down, layout_basic
D:2:      layout_loops_ring, ebering_ecumenical_altar_webs,
          nicolae_underground_beach
D:3:      layout_basic
D:4:      layout_loops_cross, chequers_temple_overflow_statue_of_worship,
          minmay_temple_entry_purple_smoke, uniq_sigmund

Skill      XL: |  1  2  3  4 |
---------------+-------------+-----
Axes           | 3 4 |  4.2
Fighting       | 4 |  4.6
Armour         | 4 |  4.3
Shields        | 4 |  4.3

Action                     |  1- 3 |  4- 6 || total
---------------------------+-------+-------++-------
  Melee: War axe           |    70 |    91 ||   161
    Use: Scroll            |     7 |     1 ||     8
         Potion            |       |     2 ||     2
 Armour: Chain mail        |    26 |    49 ||    75
  Dodge: Dodged            |    16 |    50 ||    66
  Block: Buckler           |    15 |    27 ||    42

Table legend: (Time is in decaauts)
 A = Elapsed time spent in this place.
 B = Non-inter-level travel time spent in this place.
 C = Inter-level travel time spent in this place.
 D = Time resting spent in this place.
 E = Time spent auto-exploring this place.
 F = Levels seen in this place.
 G = Mean time per level.
                   A        B        C        D        E       F      G
               +--------+--------+--------+--------+--------+-----+--------+
         Total |   2504 |   2322 |    182 |    100 |   1801 |   4 |  626.0 |
       Dungeon |   2504 |   2322 |    182 |    100 |   1801 |   4 |  626.0 |
               +--------+--------+--------+--------+--------+-----+--------+

Top non-repeatable levels by time:
     D:2: 1104 daAuts
     D:3: 721 daAuts
     D:1: 578 daAuts
     D:4: 101 daAuts
